 Dungeon Crawl Stone Soup version 0.31-a0-662-g684573625c (webtiles) character file.

Game seed: 7608918153901596382

183 Maratek the Trooper (level 5, -2/41 HPs)
             Began as a Demonspawn Fighter on Aug 31, 2023.
             Was an Initiate of Hepliaklqana.
             Killed by nerve-wracking pain
             ... invoked by an orc priest
              (4 damage)
             ... on level 4 of the Dungeon.
             The game lasted 00:03:36 (2779 turns).

Maratek the Trooper (Demonspawn Fighter)            Turns: 2779, Time: 00:03:37

Health: -2/41      AC:  6    Str: 18    XL:     5   Next: 35%
Magic:  5/5        EV:  9    Int:  9    God:    Hepliaklqana [......]
Gold:   207        SH:  0    Dex: 13    Spells: 4/4 levels left

rFire   + . .        c - +2 falchion (drain)
rCold   + . .        (no shield)
rNeg    . . .        b - +0 scale mail
rPois   +            (no helmet)
rElec   +            (no cloak)
rCorr   +            (no gloves)
SInv    .            (no boots)
Will    .....        (no amulet) Stlth
                     (no ring)
HPRegen 0.26/turn    (no ring)
MPRegen 0.09/turn

%: no passive effects
@: resistant, attractive
A: foul stench 1, demonic touch 1
a: Renounce Religion


You were on level 4 of the Dungeon.
You worshipped Hepliaklqana.
Hepliaklqana was noncommittal.
You visited 1 branch of the dungeon, and saw 4 of its levels.

You collected 207 gold pieces.

Inventory:

Hand Weapons
 c - a +2 falchion of draining (weapon)
Armour
 b - a +0 scale mail (worn)
Jewellery
 t - an amulet of guardian spirit
Scrolls
 i - a scroll of blinking {unknown}
 l - 4 scrolls of identify {unknown}
 p - 2 scrolls of revelation {unknown}
 q - a scroll of enchant armour {unknown}
 r - a scroll of poison {unknown}
 u - a scroll of fog {unknown}
 w - a scroll of teleportation {unknown}
Potions
 a - a potion of brilliance {unknown}
 d - a potion of might
 e - a potion of degeneration {unknown}
 f - a potion of ambrosia {unknown}
 g - a potion of resistance
 h - 2 potions of curing {unknown}
 j - 2 potions of enlightenment {unknown}
 k - 2 potions of magic
 m - 2 potions of cancellation {unknown}
 n - a potion of berserk rage {unknown}
 o - a potion of heal wounds {unknown}
 s - a potion of mutation {unknown}
 v - 2 potions of attraction


   Skills:
 + Level 3.3 Fighting
 + Level 2.4 Long Blades
 + Level 3.0 Axes
 + Level 3.2 Armour
 + Level 0.5 Dodging
 + Level 0.1 Stealth
 + Level 3.2 Shields


You had 4 spell levels left.
You didn't know any spells.
Your spell library was empty.

Dungeon Overview and Level Annotations

Branches:
Dungeon (4/15)
 Temple: D:4-7

Altars:
Hepliaklqana
Vehumet

Annotations:
D:3 3 runed translucent doors, Tenar's ghost, novice DsRe


Innate Abilities, Weirdness & Mutations

You may rarely emit foul miasma when damaged in melee.
Your touch may inflict minor irresistible damage on your foes.


Message History

The orc hits you but does no damage.
The jackal bites you but does no damage.
The orc barely misses you.
You see here a jackal corpse.
You slash the orc!
You kill the orc!
The jackal barely misses you.
The jackal bites you but does no damage.
You slash the orc priest!
The orc priest is severely wounded.
The jackal bites you. The orc priest misses you.
An iguana comes into view.
The orc priest hits you with a +0 dagger.
The jackal bites you but does no damage.
You closely miss the orc priest.
The orc priest is severely wounded.
The iguana hisses angrily.
The orc priest invokes the aid of Beogh against you.
Beogh smites you!
* * * LOW HITPOINT WARNING * * *
The jackal closely misses you.
The orc priest hits you but does no damage.
It was a potion of magic.
Magic courses through your body. The jackal closely misses you.
The orc priest hits you with a +0 whip.
* * * LOW HITPOINT WARNING * * *
The orc priest hits you with a +0 dagger.
* * * LOW HITPOINT WARNING * * *
The jackal bites you but does no damage.
It was a potion of attraction.
You feel attractive to monsters.
The orc priest looks satisfied for a moment.
The orc priest closely misses you.
The jackal bites you but does no damage.
The iguana is attracted toward you.
It was a potion of resistance.
You feel protected. The jackal closely misses you.
The orc priest invokes the aid of Beogh against you.
Pain shoots through your body!
You die...

........#. .........
......... ........# ##
###..)....#
.#.###.#....ยง...
........ohl..#
......##@o...#
..........#)##.## ..
..##........#
....#...).#....##
....#.... ##.$.#
....#.... ##..# . .
#.....#####..## ..
..##.....#.......##..#
.#....................


You could see an iguana, 2 orc priests and a jackal.

Vanquished Creatures
  A jelly (D:3)
  7 adders
  3 worms
  A dart slug (D:1)
  2 orcs (D:4)
  8 ball pythons
  3 bats (D:3)
  6 endoplasms
  2 giant cockroaches
  7 goblins
  6 hobgoblins
  A jackal (D:4)
  5 quokkas
  2 frilled lizards (D:2)
  12 kobolds
  11 rats
77 creatures vanquished.

Notes
Turn   | Place    | Note
-------+----------+-------------------------------------------
     0 | D:1      | Maratek the Demonspawn Fighter began the quest for the Orb.
     0 | D:1      | Reached XP level 1. HP: 18/18 MP: 1/1
    39 | D:1      | Gained mutation: You may rarely emit foul miasma when
                  | damaged in melee. [demonic ancestry]
    39 | D:1      | Reached XP level 2. HP: 21/24 MP: 2/2
   381 | D:1      | Found a faded altar of an unknown god.
   657 | D:1      | Gained mutation: Your touch may inflict minor irresistible
                  | damage on your foes. [demonic ancestry]
   657 | D:1      | Reached XP level 3. HP: 29/29 MP: 3/3
  1281 | D:2      | Found a radiant altar of Vehumet.
  1322 | D:2      | Reached XP level 4. HP: 32/35 MP: 4/4
  1520 | D:2      | Reached skill level 1 in Long Blades
  2104 | D:3      | Found a runed translucent gate.
  2104 | D:3      | Found a runed translucent gate.
  2104 | D:3      | Found a runed translucent gate.
  2109 | D:3      | Noticed an ogre
  2109 | D:3      | Noticed Tenar's ghost (novice DsRe)
  2178 | D:3      | Reached XP level 5. HP: 29/41 MP: 5/5
  2427 | D:3      | Found a hazy altar of Hepliaklqana.
  2653 | D:3      | Became a worshipper of Hepliaklqana the Forgotten
  2777 | D:4      | HP: 1/41 [orc priest/+0 dagger (2)]
  2779 | D:4      | Killed from afar by an orc priest

Illustrated notes

Levels and vault maps discovered:
D:1:      doesnt_arrival_eight_statues, layout_loops_ring,
          hellmonk_ecumenical_altar_heavens_door
D:2:      minmay_razor_zed, layout_basic, basic_altar, minmay_domino_4
D:3:      layout_loops_ring, nicolae_hepliaklqana_hazy_memory,
          gammafunk_ghost_split
D:4:      layout_cave_pools

Skill      XL: |  1  2  3  4 |
---------------+-------------+-----
Axes           | 2 3 |  3.0
Armour         | 3 |  3.2
Shields        | 3 |  3.2
Long Blades    | 2 |  2.4
Fighting       | |  3.3
Dodging        | |  0.5
Stealth        | |  0.1

Action                     |  1- 3 |  4- 6 || total
---------------------------+-------+-------++-------
  Melee: War axe           |    71 |       ||    71
         Falchion          |    28 |    66 ||    94
         Touch             |     5 |     8 ||    13
    Use: Potion            |       |     3 ||     3
 Armour: Scale mail        |    73 |    48 ||   121
  Dodge: Dodged            |    37 |    29 ||    66
  Block: Buckler           |    17 |       ||    17

Table legend: (Time is in decaauts)
 A = Elapsed time spent in this place.
 B = Non-inter-level travel time spent in this place.
 C = Inter-level travel time spent in this place.
 D = Time resting spent in this place.
 E = Time spent auto-exploring this place.
 F = Levels seen in this place.
 G = Mean time per level.
                   A        B        C        D        E       F      G
               +--------+--------+--------+--------+--------+-----+--------+
         Total |   2830 |   2713 |    117 |      0 |   2181 |   4 |  707.5 |
       Dungeon |   2830 |   2713 |    117 |      0 |   2181 |   4 |  707.5 |
               +--------+--------+--------+--------+--------+-----+--------+

Top non-repeatable levels by time:
     D:2: 1151 daAuts
     D:1: 819 daAuts
     D:3: 811 daAuts
     D:4: 47 daAuts
